026, chaotic male human Convict -- }}}} |..| --}}}}| - |..-##^## --------------}}}}-- iiiii . . | |..| # |...........|}}}}-- iiiii i&i&i| -- - - --- ---|--- |...........#}}}}#iiiii ii&&i iiiii &. & . |.....| |..{..{..{..|}}}}|iiiii iiiii i&&ii| @ . . - |...%.-####!?.^..^......}+.}+ . . . m |.....| |..{..{.){&.|}}}}|iiiii|iiiii iiii&| . . ---|--- |...........#}}}}#iiiii iiiii iiiii|- | & &. | # |...........|}}}}--- -- iiiii iiiii . - - . # --------------}}}}| - - iiiii | . | 1 # -------- }}}}-- - - - &. # |...^..|-- -}}}}| # U ###########-[^..^.)?| }}}} #^# # . . ###########+.^...^+?| }}}} # # ### -----|++----- # |...=..|-- }}}}}---- ###### # |....&....&.| ---|--- -------- }}}}!..| # # #####-...@&&..&..| |...)<| }}} |.)-### # # |...........| |....*| } |.=| ##^#### |.....\.&...| ------- } ---- ------------- 026 the Outlaw Experience level: 14 Strength: 18/09 Dexterity: 15 Constitution: 18 Intelligence: 12 Wisdom: 13 Charisma: 8 Health: 0(94) Energy: 52(52) AC: 5 Gold: 329 Moves: 22267 Your Inventory: Coins $ - 329 gold pieces Armor c - a blessed rustproof +5 helm of telepathy y - a blessed fireproof +5 cloak of magic resistance H - an uncursed thoroughly burnt +0 pair of leather gloves I - a blessed greased fireproof +5 pair of speed boots X - a blessed +5 stone dragon scale mail Z - a blessed +0 shield of reflection Comestibles J - 2 uncursed lizard corpses Scrolls E - a [blessed] scroll of teleportation Rings C - an uncursed ring of conflict L - an uncursed ring of levitation S - an uncursed ring of slow digestion Wands h - an uncursed wand of fire (0:0) i - an [uncursed] wand of striking [0:1] p - an [uncursed] wand of digging [0:8] q - an uncursed wand of death [0:2] r - an uncursed wand of death [0:1] A - an [uncursed] wand of lightning [0:5] F - an uncursed rusty wand of digging [0:5] Q - an uncursed rusty wand of digging [0:7] R - an uncursed wand of light [0:12] U - an uncursed wand of polymorph [0:7] Tools a - a blessed +0 unicorn horn b - a blessed bag of holding k - the blessed greased Master Key of Thievery n - the uncursed Bell of Opening (0:3) s - an uncursed rusty stethoscope T - an uncursed blindfold V - an uncursed brass lantern (lit) Gems e - a blessed luckstone Iron balls w - the blessed rustproof Iron Ball of Liberation (weapon in hand) Contents of the bag of holding: a [cursed] circular amulet [of strangulation] a [cursed] octagonal amulet [of change] an [uncursed] warped amulet [of unchanging] an uncursed +0 mummy wrapping an [uncursed +0] pair of speed boots 2 uncursed C-rations 9 uncursed K-rations an uncursed clove of garlic an uncursed coffee bean 6 uncursed food rations an uncursed fortune cookie a blessed scroll called earth [of earth] 2 uncursed scrolls called earth [of earth] an [uncursed] scroll of genocide an [uncursed] scroll of light 4 blessed scrolls of teleportation 2 cursed scrolls of teleportation an [uncursed] potion of full healing a [cursed] potion of gain level an [uncursed] potion of healing 10 potions of holy water an uncursed jade ring [of teleport control] an uncursed wand called teleportation [of teleportation (0:6)] an uncursed wand called teleportation [of teleportation (0:7)] an uncursed wand of death (0:0) an uncursed wand of death [0:2] an uncursed wand of digging [0:7] an uncursed wand of digging [0:4] a cursed wand of digging [0:7] an uncursed wand of fire (0:5) an uncursed wand of fire (0:4) an uncursed wand of fire (0:0) an uncursed wand of fire [0:5] an uncursed wand of light [0:13] an uncursed wand of light [0:13] a cursed wand of lightning [0:3] an uncursed wand of magic missile [0:5] an uncursed wand of probing [0:6] a blessed wand of sleep [0:2] an uncursed wand of sleep [0:1] an uncursed wand of sleep [0:2] an uncursed wand of speed monster [0:5] an uncursed wand of striking [0:3] an uncursed wand of striking [0:6] an uncursed wand of striking [0:8] an uncursed wand of striking [0:0] an uncursed wand of striking [0:3] an uncursed wand of striking [0:0] an uncursed wand of striking [0:0] an uncursed wand of undead turning [0:7] an uncursed wand of undead turning [0:3] 2 uncursed [tallow] candles Spells known in the end: Name Level Category Fail Memory a - invisibility 4 escape 100% [|||.....] b - healing 1 healing 19% [||||....] c - cause fear 3 enchantment 100% [||||....] d - protection 1 clerical 19% [||||||..] e - knock 1 matter 19% [||||||..] f - haste self 3 escape 100% [|||||||.] g - detect monsters 1 divination 19% [|||||||.] h - magic missile 2 attack 32% [|||||||.] i - levitation 4 escape 100% [||||||||] j - cure sickness 3 healing 100% [||||||||] k - create monster 2 clerical 32% [||||||||] l - slow monster 2 enchantment 32% [||||||||] Your skills at the end: Fighting Skills body armor [Skilled / Skilled] Weapon Skills pick-axe [Expert / Expert] flail [Skilled / Expert] sling [Basic / Skilled] Spellcasting Skills Final Attributes: You were piously aligned. Hunger level was 685. Your alignment was 121 / 121. Monster difficulty range was 5 - 23. Level difficulty was 32. You resisted fire. You resisted cold. You were immune to poison. You were immune to sickness. You were magic-protected. You resisted physical damage. You were blinded. You were telepathic. You were warned. You had automatic searching. You were invisible. You were displaced. You could teleport. You had teleport control. You were protected. You were fast. You were very lucky (6). You had extra luck. Good luck did not time out for you. You are dead. Vanquished creatures: Baalzebub Juiblex a vorpal jabberwock Medusa Warden Arianna 5 iron golems 2 titans a purple worm a sarkany 2 tatzelworms a sirrush a leviathan a lindworm a gold dragon 3 wyverns a draken a minotaur a jabberwock a baluchitherium 4 stone golems a master mind flayer a Nazgul 4 hell hounds a trapper a baby sirrush 2 disenchanters 12 vampire lords a skeleton 3 prison guards 2 shopkeepers 2 captains 5 lava demons 4 inmates 7 liches a clay golem an ice devil a nalfeshnee Aphrodite 2 lurkers above an Aleax a frost giant 2 ettins 4 black puddings 14 vampires 2 lieutenants 38 ghosts 2 locusts 2 mind flayers 9 giant mimics a fire giant 2 rock trolls 2 umber hulks 2 Elvenkings 2 hezrous 4 large mimics a wumpus a long worm 7 stalkers an air elemental 2 fire elementals an earth elemental 2 hill giants a giant mummy 2 xorns 8 giant zombies an elf-lord 10 sergeants 4 barbed devils 2 vrocks a warg a hell hound pup 10 small mimics a glass piercer a rodent of unusual size 3 warhorses 3 xans 2 ettin mummies 11 trolls 2 erinyes 2 mariliths 2 electric eels 2 giant turtles 3 gelatinous cubes a pyrolisk a large dog a freezing sphere a flaming sphere a shocking sphere a tiger 3 gargoyles a tengu an ochre jelly 2 leocrottas an energy vortex 4 green slimes a pit viper a python 2 cobras 31 wraiths 4 ettin zombies 2 leather golems a Grey-elf 53 soldiers 6 horned devils 2 succubi 2 incubi 2 crocodiles 9 giant beetles 3 quivering blobs 4 cockatrices 9 wolves 2 panthers 23 leprechauns 6 orc-captains 2 iron piercers 19 giant spiders a scorpion 2 horses an ice vortex 3 black lights 5 vampire bats 4 gnome kings an orc mummy 4 dwarf mummies 4 brown puddings a rust monster an owlbear 4 yetis 2 gold golems 2 werewolves 8 lizards 8 chickatrices 3 dogs a dingo 2 housecats 4 jaguars 2 dwarf lords a blue jelly a white unicorn a gray unicorn 3 dust vortices 2 ravens a plains centaur a Kop Kaptain 5 gnome mummies 2 apes 11 human zombies 4 rope golems 4 soldier ants a fire ant 4 bugbears an imp 4 lemures 7 wood nymphs 4 water nymphs 9 mountain nymphs 22 Mordor orcs 19 Uruk-hai 6 orc shamans 2 rock piercers 4 rock moles 4 ponies 3 fog clouds 4 yellow lights 4 shriekers 5 violet fungi 20 gnome lords 5 gnomish wizards 3 Kop Lieutenants a kobold mummy a black naga hatchling a guardian naga hatchling 2 gray oozes 10 elf zombies 6 ghouls a straw golem a paper golem 5 giant ants 6 little dogs 5 floating eyes 3 kittens 22 dwarves 3 kobold lords a kobold shaman 12 hill orcs 12 rothes a rabid rat 2 centipedes a giant bat 2 Kop Sergeants 2 monkeys 11 orc zombies 12 dwarf zombies 2 wererats 4 muggers 11 iguanas 12 killer bees 3 acid blobs 3 coyotes 3 gas spores 7 hobbits 8 manes 5 large kobolds 10 hobgoblins 2 giant rats 3 cave spiders a yellow mold a green mold 97 gnomes 7 Keystone Kops 26 garter snakes 8 gnome zombies 8 geckos 6 jackals 6 foxes 3 kobolds 11 goblins 10 sewer rats 6 grid bugs 3 bats 3 lichens 11 kobold zombies 7 newts 1100 creatures vanquished. Genocided or extinct species: arch-liches erinyes (extinct) 1 species genocided. 2 species extinct. Voluntary challenges: You used a wielded weapon 1089 times. You read items or engraved 117 times. You put on armor 47 times. You genocided 1 type of monster. You never polymorphed an object. You never changed form. You used 5 wishes. You used 5 wishes for magical items. You wrote Elbereth's name 30 times. You encountered 1 bones level. You used 3 Sokoban shortcuts. Dungeon overview: The Dungeons of Doom: levels 1 to 25 Level 1 a long staircase Level 3 an armor shop stairs to The Gnomish Mines Level 5 a fountain Level 6 an altar, many fountains stairs to Sokoban Level 7 a fountain, a throne stairs to Town Level 8 a fountain Level 9 a fountain, some trees Level 10 a scroll shop, a fountain Level 11 a fountain, a sink portal to The Quest Level 12 a fountain Level 13 a fountain Level 16 some fountains, some trees Level 18 a fountain Level 19 a fountain Level 25 a magic chest, a fountain, a throne Gehennom: levels 26 to 32 Level 26 a temple, a magic chest stairs to The Dungeons of Doom Level 31 a throne Level 32 <- You were here many fountains, a throne The Gnomish Mines: levels 4 to 12 Level 4 stairs to The Dungeons of Doom Level 7 many shops, a temple to Tymora, a magic chest, some fountains Level 12 a fountain The Quest: levels 1 to 5 Level 1 an altar to Tymora, a magic chest, a sink portal to The Dungeons of Doom Level 3 a general store, a sink Sokoban: levels 3 to 5 Level 5 a magic chest stairs to The Dungeons of Doom Town: levels 4 to 6 Level 4 many shops, some fountains, a sink Level 5 many fountains, many trees Level 6 stairs to The Dungeons of Doom History has recorded: On T:1 you entered the Dungeons of Doom to retrieve the Amulet of Yendor! On T:101 you reached level 2 of The Dungeons of Doom. On T:168 you advanced to experience level 2. On T:306 you reached level 3 of The Dungeons of Doom. On T:371 you advanced to experience level 3. On T:544 you advanced to experience level 4. On T:776 you reached level 4 of The Dungeons of Doom. On T:795 you reached level 5 of The Dungeons of Doom. On T:811 you advanced to experience level 5. On T:869 you advanced to experience level 6. On T:1242 you reached level 6 of The Dungeons of Doom. On T:1317 you reached level 3 of Sokoban. On T:1719 you advanced to experience level 7. On T:2228 you reached level 2 of Sokoban. On T:3247 you reached level 1 of The Gnomish Mines. On T:3260 you advanced to experience level 8. On T:3805 you reached level 2 of The Gnomish Mines. On T:4648 you reached level 1 of Sokoban. On T:5516 you advanced to experience level 9. On T:6596 you wished for "blessed greased master key of thievery". On T:6666 you wished for "blessed fixed greased +3 cloak of magic resistance". On T:6771 you wished for "blessed fixed greased +3 speed boots". On T:7745 you reached level 3 of The Gnomish Mines. On T:8105 you advanced to experience level 10. On T:8389 you reached level 4 of The Gnomish Mines. On T:8848 you reached level 5 of The Gnomish Mines. On T:9183 you reached level 6 of The Gnomish Mines. On T:9460 you reached level 7 of The Gnomish Mines. On T:9689 you reached level 8 of The Gnomish Mines. On T:10036 you reached level 9 of The Gnomish Mines. On T:10624 you advanced to experience level 11. On T:11482 you reached level 7 of The Dungeons of Doom. On T:11527 you reached level 3 of Town. On T:11593 you reached level 2 of Town. On T:11724 you reached level 1 of Town. On T:12211 you killed Aphrodite on level 2 of Town. On T:12610 you genocided all arch-liches On T:12625 you reached level 8 of The Dungeons of Doom. On T:12675 you reached level 9 of The Dungeons of Doom. On T:12894 you reached level 10 of The Dungeons of Doom. On T:13005 you reached level 11 of The Dungeons of Doom. On T:13417 you received Luck Blade from Tymora. On T:13957 you reached level 12 of The Dungeons of Doom. On T:14001 you reached level 1 of The Quest. On T:14280 you embarked upon an epic quest. On T:14379 you reached level 2 of The Quest. On T:14493 you reached level 3 of The Quest. On T:14691 you advanced to experience level 12. On T:14875 you reached level 4 of The Quest. On T:14879 you reached level 5 of The Quest. On T:15003 you killed Warden Arianna on level 5 of The Quest. On T:15330 you completed the quest! On T:15549 you reached level 13 of The Dungeons of Doom. On T:15776 you reached level 14 of The Dungeons of Doom. On T:15967 you reached level 15 of The Dungeons of Doom. On T:16182 you reached level 16 of The Dungeons of Doom. On T:16357 you reached level 19 of The Dungeons of Doom. On T:16413 you reached level 18 of The Dungeons of Doom. On T:16475 you reached level 17 of The Dungeons of Doom. On T:17164 you reached level 20 of The Dungeons of Doom. On T:17412 you reached level 21 of The Dungeons of Doom. On T:17446 you reached level 22 of The Dungeons of Doom. On T:17921 you reached level 23 of The Dungeons of Doom. On T:17998 you advanced to experience level 13. On T:18213 you killed Medusa on level 23 of The Dungeons of Doom. On T:18215 you reached level 24 of The Dungeons of Doom. On T:18864 you reached The Castle. On T:19464 you wished for "blessed fixed greased +3 helm of telepathy". On T:19475 you wished for "uncursed magic marker". On T:20092 you reached The Valley of the Dead. On T:20376 you advanced to experience level 14. On T:21074 you reached level 2 of Gehennom. On T:21254 you reached level 3 of Gehennom. On T:21515 you reached level 4 of Gehennom. On T:21677 you killed Juiblex on level 4 of Gehennom. On T:21678 you reached level 5 of Gehennom. On T:21777 you reached level 6 of Gehennom. On T:21974 you reached level 7 of Gehennom. On T:22081 you killed Baalzebub on level 7 of Gehennom. Latest messages: The bolt of lightning misses it. The bolt of lightning misses the succubus. The bolt of lightning hits you! Your wand of striking breaks apart and explodes! Your wand of digging breaks apart and explodes! (2x) Your long wand breaks apart and explodes! Your wand of speed monster breaks apart and explodes! Your wand of magic missile breaks apart and explodes! Your wand of polymorph breaks apart and explodes! You are blinded by the flash! The succubus is killed by the bolt of lightning! You burn with an uncursed wand of fire (0:0) into the floor. You feel the wand heat up. You hear a distant squeak. The barbed devil hits! (2x) The barbed devil stings! The succubus acts as though she has got a headache. You die... Final status: Goodbye 026 the Convict... You died in Gehennom on dungeon level 32 with 231523 points, and 329 pieces of gold, after 22267 moves. You were level 14 with a maximum of 94 hit points when you died.